 Dungeon Crawl Stone Soup version 0.18.1-50-g88ac8fd (webtiles) character file.

28 Gargoyl the Skirmisher (level 3, 29/29 HPs)
             Began as a Demonspawn Abyssal Knight on Sept 16, 2016.
             Was a Follower of Lugonu.
             Quit the game on level 1 of the Dungeon.
             The game lasted 00:01:11 (577 turns).

Gargoyl the Skirmisher (Demonspawn Abyssal Knight)   Turns: 577, Time: 00:01:12

Health: 29/29      AC:  6    Str: 13    XL:     3   Next: 0%
Magic:  5/5        EV:  9    Int: 13    God:    Lugonu [*.....]
Gold:   7          SH:  0    Dex: 12    Spells: 0 memorised, 2 levels left

rFire  . . .     SeeInvis .     a - +1 hand axe
rCold  . . .     Gourm    .     e - +0 scale mail
rNeg   . . .     Faith    .     (no shield)
rPois  .         Spirit   +     (helmet restricted)
rElec  .         Dismiss  .     (no cloak)
rCorr  .         Reflect  .     (no gloves)
SustAt .         Harm     .     (no boots)
MR     .....                    (no amulet)
Stlth  ..........               (no ring)
                                (no ring)

@: not resistant to hostile enchantments, extremely unstealthy
A: antennae 1, magic shield
a: Depart the Abyss, Renounce Religion


You were on level 1 of the Dungeon.
You worshipped Lugonu.
Lugonu was aware of your devotion.
You were not hungry.

You visited 1 branch of the dungeon, and saw 1 of its levels.
You visited the Abyss 1 time.

You collected 7 gold pieces.

Inventory:

Hand Weapons
 a - a +1 hand axe (weapon)
Armour
 e - a +0 scale mail (worn)
Scrolls
 d - a scroll of identify {unknown}
 h - 2 scrolls of fog {unknown}
Potions
 b - 2 potions of curing {unknown}
 f - a potion of heal wounds {unknown}
 g - a potion of cancellation {unknown}
 i - a potion of flight {unknown}
Comestibles
 c - a bread ration


   Skills:
 + Level 3.4 Fighting
 + Level 1.8 Axes
 * Level 2.4 Armour
 + Level 1.1 Dodging
 + Level 2.8 Invocations


You had 2 spell levels left.
You didn't know any spells.

Dungeon Overview and Level Annotations

Branches:
Dungeon (1/15)

Altars:


Innate Abilities, Weirdness & Mutations

You have a pair of small antennae on your head.
When hurt, damage is shared between your health and your magic reserves.


Message History

Found a robe.
There is a stone staircase leading down here.
h - 2 scrolls labeled PIECOLEMINT (gained 1)
Found a stone staircase leading down.
There is a stone staircase leading down here.
i - a green potion A rat comes into view.
The rat bites you but does no damage.
You hit the rat.
The rat is severely wounded.
The rat bites you but does no damage.
You hit the rat.
You kill the rat!
Lugonu accepts your kill.
You have reached level 3!
Your experience leads to an increase in your attributes!
Increase (S)trength, (I)ntelligence, or (D)exterity?
You feel stronger.
Your demonic ancestry asserts itself...
You feel your magical essence form a protective shroud around your flesh.
Are you sure you want to abandon this character and quit the game? (Confirm with "yes".)

#.# #.# #.# #.# #.#
# #.# #.# # #.
##.## #.#
##.#.##...#######.#
..................#
#........#######
#..@...##
.....#....## ###
#.##### #. #


There were no monsters in sight!

Vanquished Creatures
  A white imp (Abyss:2)
  A dart slug (D:1)
  A bat (D:1)
  2 giant cockroaches (D:1)
  5 goblins (D:1)
  A kobold (D:1)
  5 giant newts (D:1)
  4 rats (D:1)
20 creatures vanquished.

Notes
Turn   | Place    | Note
--------------------------------------------------------------
     0 | Abyss:1  | Gargoyl the Demonspawn Abyssal Knight began the quest for the Orb.
     0 | Abyss:1  | Reached XP level 1. HP: 18/18 MP: 2/2
    53 | Abyss:2  | Reached skill level 1 in Dodging
   115 | Abyss:2  | Noticed a raiju
   116 | D:1      | Escaped the Abyss
   123 | D:1      | Gained mutation: You have a pair of small antennae on your head. [demonic ancestry]
   123 | D:1      | Reached XP level 2. HP: 8/24 MP: 1/3
   398 | D:1      | Reached * piety under Lugonu
   576 | D:1      | Gained mutation: When hurt, damage is shared between your health and your magic reserves. [demonic ancestry]
   576 | D:1      | Reached XP level 3. HP: 29/29 MP: 5/5
   577 | D:1      | Quit the game

Skill      XL: |  1  2 |
---------------+-------+-----
Dodging        | 1 |  1.1
Armour         | 2 |  2.4
Fighting       | |  3.4
Axes           | |  1.8
Invocations    | |  2.8

Action                   || total
-------------------------++-------
Melee: Hand axe          ||    56
Invok: Depart the Abyss  ||     1
Armor: Scale mail        ||    30
Dodge: Dodged            ||    27
